 Dungeon Crawl Stone Soup version 0.31.0-11-ge490571c62 (webtiles) character file.

Game seed: 17793179926974231754

69 qw the Shooter (level 4, -1/21 (22) HPs)
             Began as a Spriggan Hunter on Feb 4, 2024.
             Slain by a jackal (2 damage)
             ... on level 3 of the Dungeon.
             The game lasted 00:00:05 (1491 turns).

qw the Shooter (Spriggan Hunter)                    Turns: 1491, Time: 00:00:06

HP:   -1/21 (22)    AC:  2    Str:  7    XL:     4   Next: 2%
MP:   5/5           EV: 19    Int: 10    God:
Gold: 32            SH:  0    Dex: 20    Spells: 3/3 levels left

rFire   . . .        a - +0 shortbow
rCold   . . .        (shield currently unavailable)
rNeg    . . .        c - +0 robe
rPois   .            (helmet restricted)
rElec   .            (no cloak)
rCorr   .            (gloves unavailable)
SInv    +            (boots unavailable)
Will    .....        (no amulet)
Stlth   ++           (no ring)
HPRegen 0.23/turn    (no ring)
MPRegen 0.09/turn

%: no passive effects
@: about to teleport, lightly drained, very quick
A: very small, no large weapons, unfitting armour, see invisible, speed 3
a: no special abilities


You were on level 3 of the Dungeon.
You visited 1 branch of the dungeon, and saw 3 of its levels.

You collected 68 gold pieces.
You spent 36 gold pieces at shops.


Innate Abilities, Weirdness & Mutations

You are very small and have problems with some larger weapons.
You are too small for most types of armour.
You have supernaturally acute eyesight. (SInv)
You cover ground extremely quickly. (Speed+++)


   Skills:
 - Level 1.5 Fighting
 - Level 5.0 Ranged Weapons
 + Level 4.3 Dodging
 - Level 1.5 Stealth


You had 3 spell levels left.
You didn't know any spells.
Your spell library was empty.

Inventory:

Hand Weapons
 a - a +0 shortbow (weapon)
Armour
 c - a +0 robe (worn)
Scrolls
 e - 2 scrolls of enchant armour
 f - a scroll of teleportation
Potions
 d - a potion of cancellation
 g - 2 potions of haste
 h - a potion of curing
 k - a potion of might

Dungeon Overview and Level Annotations

Branches:
Dungeon (3/15)

Altars:

Shops:
D:2 ?


Message History

You shoot an arrow.
The arrow hits the orc but does no damage.
The jackal barely misses you. The jackal bites you.
The jackal barely misses you.
An orc comes into view. It is wielding a +0 falchion.
The orc misses you. The jackal misses you. The jackal barely misses you.
The jackal misses you.
You shoot an arrow. The orc shouts!
The arrow hits the orc.
The orc is heavily wounded.
The jackal bites you but does no damage.
The jackal bites you. The orc hits you with a +0 club. The jackal misses you.
The jackal barely misses you. x2; The orc closely misses you.
You shoot an arrow.
The arrow hits the orc but does no damage.
The orc is heavily wounded.
The jackal bites you. The jackal misses you. The jackal bites you.
The jackal completely misses you. The orc misses you. The jackal misses you.
1488 ||| READING 2 scrolls of teleportation.
As you read the scroll of teleportation, it crumbles to dust.
You feel strangely unstable. The jackal barely misses you.
The jackal closely misses you. The jackal barely misses you.
An orc comes into view. It is wielding a +0 hand axe.
The orc closely misses you. The jackal completely misses you.
The jackal bites you.
You shoot an arrow. The arrow hits the orc.
The orc is severely wounded.
The jackal misses you. The jackal bites you. The jackal barely misses you.
The orc completely misses you. The jackal barely misses you.
You shoot an arrow.
The arrow hits the orc but does no damage.
The orc is severely wounded.
The jackal misses you. The jackal closely misses you. The jackal bites you.
The orc misses you. The jackal barely misses you.
The jackal closely misses you.
You shoot an arrow. The arrow hits the orc!
You kill the orc!
The jackal completely misses you. The jackal bites you.
You die...

.#####... ####........
.# ...<....... .
#..#......# . ###
#..#......# .# .#
..#####....# #..# #.#..#
#..........# #..##oo...#
#######....###.)hho....#
#######..#.....%@##.##
..)......#.#.###h#
####.....#.#...#.#
#.#####.###.#.# #.# #<#
.#.# #.# #.# #.# #.# #..
... #.. ... ... #.#


You could see 3 orcs and 3 jackals.

Vanquished Creatures
  An adder (D:2)
  A gnoll (D:1)
  A dart slug (D:1)
  3 orcs (D:3)
  6 bats
  4 endoplasms
  2 giant cockroaches
  4 goblins
  6 hobgoblins
  3 jackals
  4 quokkas
  A ball python (D:2)
  4 kobolds
  2 rats
42 creatures vanquished.

Notes
Turn   | Place    | Note
-------+----------+-------------------------------------------
     0 | D:1      | qw the Spriggan Hunter began the quest for the Orb.
     0 | D:1      | Reached XP level 1. HP: 10/10 MP: 2/2
     0 | D:1      | 0 ||| qw: Version: 0.3-a-160-g6735b56
     0 | D:1      | 0 ||| qw: Game counter: 4728
     0 | D:1      | 0 ||| qw: Melee chars always use a shield: true
     0 | D:1      | 0 ||| qw: God list: Okawaru
     0 | D:1      | 0 ||| qw: Allow faded altars: false
     0 | D:1      | 0 ||| qw: Do Orc after clearing Dungeon:15 true
     0 | D:1      | 0 ||| qw: Do second Lair branch before Depths: true
     0 | D:1      | 0 ||| qw: Lair rune preference: random
     0 | D:1      | 0 ||| qw: Goals: Normal
     0 | D:1      | 0 ||| PLANNING D:1-11
    67 | D:1      | Reached skill level 3 in Dodging
   147 | D:1      | Reached XP level 2. HP: 14/14 MP: 3/3
   604 | D:1      | Reached XP level 3. HP: 18/18 MP: 4/4
   740 | D:1      | 740 ||| READING 2 scrolls labelled NIMMIL PERAE.
   740 | D:1      | 740 ||| ENCHANTING +0 shortbow.
   741 | D:1      | 741 ||| READING 2 scrolls labelled JATOAWUIDI.
   744 | D:1      | 744 ||| READING 2 scrolls labelled CIULET VEWUGHA.
   744 | D:1      | 744 ||| IDENTIFYING pink potion
   745 | D:1      | 745 ||| READING scroll of identify.
   745 | D:1      | 745 ||| IDENTIFYING fizzy brown potion
   746 | D:1      | 746 ||| DROPPING scroll of butterflies.
   901 | D:2      | Found Jiocren's Magic Scroll Emporium.
   906 | D:2      | 906 ||| SHOPLISTING scroll of enchant armour (90 gold, have
                  | 39).
   906 | D:2      | 906 ||| BUYING scroll of teleportation (36 gold).
   906 | D:2      | Bought a scroll of teleportation for 36 gold pieces
   906 | D:2      | 906 ||| SHOPLISTING scroll of teleportation (36 gold, have
                  | 3).
  1047 | D:2      | Found a faded altar of an unknown god.
  1055 | D:2      | Reached skill level 5 in Ranged Weapons
  1400 | D:2      | 1400 ||| READING 3 scrolls of identify.
  1400 | D:2      | 1400 ||| IDENTIFYING glowing purple potion
  1401 | D:2      | 1401 ||| READING 2 scrolls of identify.
  1401 | D:2      | 1401 ||| IDENTIFYING inky potion
  1402 | D:2      | 1402 ||| READING scroll of identify.
  1402 | D:2      | 1402 ||| IDENTIFYING 2 red potions
  1403 | D:2      | 1403 ||| READING scroll labelled ULOSI DERPHAPN.
  1404 | D:2      | 1404 ||| DROPPING potion of lignification.
  1406 | D:2      | 1406 ||| Stepping ~*~*~tactically~*~*~ (cloud).
  1407 | D:2      | 1407 ||| DRINKING 3 potions of curing.
  1407 | D:2      | 1407 ||| (to cure poison)
  1416 | D:2      | 1416 ||| Stepping ~*~*~tactically~*~*~ (cloud).
  1417 | D:2      | 1417 ||| DRINKING 2 potions of curing.
  1417 | D:2      | 1417 ||| (to cure poison)
  1485 | D:3      | Reached XP level 4. HP: 12/21 MP: 5/5
  1487 | D:3      | HP: 4/21 [jackal (2)]
  1488 | D:3      | 1488 ||| READING 2 scrolls of teleportation.
  1490 | D:3      | HP: 1/21 [jackal (2)]
  1491 | D:3      | Slain by a jackal

Levels and vault maps discovered:
D:1:      dpeg_arrival_chambers_temple_mockup, layout_basic
D:2:      layout_loops_ring, serial_shops, shop,
          shapermc_ecumenical_altar_rom_forum
D:3:      layout_loops_ring, minmay_misc_feat_square, patterned_corridor,
          uniq_sigmund

Skill      XL: |  1  2  3 |
---------------+----------+-----
Dodging        | 3 4 |  4.3
Ranged Weapons | 5 |  5.0
Fighting       | |  1.5
Stealth        | |  1.5

Action                     |  1- 3 |  4- 6 || total
---------------------------+-------+-------++-------
   Fire: Shortbow          |   121 |     6 ||   127
    Use: Scroll            |     8 |     1 ||     9
         Potion            |     2 |       ||     2
 Armour: Robe              |    15 |    10 ||    25
  Dodge: Dodged            |    66 |    29 ||    95

Table legend:
 A = Non-vault XP
 B = Vault XP
 C = Vault XP percentage of total XP
 D = Non-vault monster count
 E = Vault monster count
 F = Vault count percentage of total count
                 A         B        C        D         E       F
            +---------+---------+-------+---------+---------+-------
      Total |     102 |       0 |   0.0 |      42 |       0 |   0.0
            +---------+---------+-------+---------+---------+-------
        D:1 |      55 |       0 |   0.0 |      22 |       0 |   0.0
        D:2 |      33 |       0 |   0.0 |      14 |       0 |   0.0
        D:3 |      14 |       0 |   0.0 |       6 |       0 |   0.0
            +---------+---------+-------+---------+---------+-------
